 Dungeon Crawl Stone Soup version 0.30-a0-808-g6e0788376e (webtiles) character file.

Game seed: 7610622259497417888

562 Jeffwins the Twirler (level 7, -3/19 (48) HPs)
             Began as a Human Wanderer on Feb 26, 2023.
             Was a Follower of Kikubaaqudgha.
             Killed by divine providence
             ... invoked by an orc priest
              (13 damage)
             ... on level 4 of the Dungeon.
             The game lasted 00:07:01 (4169 turns).

Jeffwins the Twirler (Human Wanderer)               Turns: 4169, Time: 00:07:01

HP:   -3/19 (48)    AC:  5    Str: 22    XL:     7   Next: 57%
MP:   4/9           EV: 10    Int: 12    God:    Kikubaaqudgha [*.....]
Gold: 262           SH:  0    Dex: 11    Spells: 4/9 levels left

rFire   . . .      SeeInvis .    a - +2 quarterstaff
rCold   + . .      Faith    .    (shield currently unavailable)
rNeg    . . .      Spirit   .    c - +0 ring mail
rPois   .          Reflect  .    (no helmet)
rElec   .          Harm     .    (no cloak)
rCorr   .          Rampage  .    (no gloves)
Will    .....                    (no boots)
Stlth   +                        (no amulet)
HPRegen 0.23/turn                S - +6 ring of strength
MPRegen 0.11/turn                (no ring)

@: lethally poisoned (-3 -> -21), very slightly contaminated, extremely drained
A: cold resistance 1
a: Renounce Religion, Unearth Wretches


You were on level 4 of the Dungeon.
You worshipped Kikubaaqudgha.
Kikubaaqudgha was aware of your devotion.
You visited 1 branch of the dungeon, and saw 4 of its levels.

You collected 262 gold pieces.


Innate Abilities, Weirdness & Mutations

Your flesh is cold resistant. (rC+)


   Skills:
 - Level 1.0 Fighting
 - Level 1.0(4.4) Polearms
 * Level 6.9(7.0) Staves
 - Level 4.0 Armour
 + Level 1.9 Spellcasting
 + Level 0.1 Conjurations
 * Level 2.6 Necromancy
 - Level 1.0 Evocations


You had 4 spell levels left.
You knew the following spells:

 Your Spells              Type           Power      Damage    Failure   Level
n - Dispel Undead         Necr           7%         3d8       82%         4
x - Kiss of Death         Conj/Necr      16%        2d6       24%         1

Your spell library contained the following spells:

 Spells                   Type           Power      Damage    Failure   Level
 Necrotise                Necr           28%        1d5       14%         1
 Cigotuvi's Dreadful Rot  Necr/Pois/Air  6%         N/A       41%         2
 Vampiric Draining        Necr           7%         2d6       41%         3
 Call Canine Familiar     Summ           1%         N/A       78%         3
 Ozocubu's Armour         Ice            1%         N/A       78%         3
 Portal Projectile        Hex/Tloc       2%         N/A       78%         3
 Leda's Liquefaction      Hex/Erth       0%         N/A       99%         4
 Freezing Cloud           Conj/Ice/Air   0%         6-21      100%        5
 Metabolic Englaciation   Hex/Ice        0%         N/A       100%        5
 Death Channel            Necr           3%         N/A       100%        6
 Simulacrum               Ice/Necr       2%         N/A       100%        6
 Polar Vortex             Ice            0%         N/A       100%        9

Inventory:

Hand Weapons
 a - a +2 quarterstaff (weapon)
 j - a +0 shortbow
Armour
 c - a +0 ring mail (worn)
Jewellery
 S - a +6 ring of strength (left hand)
Scrolls
 b - a scroll of butterflies
 d - 3 scrolls of blinking
 e - 5 scrolls of teleportation {@r4}
 g - 4 scrolls of fog
 h - a scroll of noise {unknown}
 i - a scroll of torment {unknown}
 k - a scroll of amnesia {unknown}
 n - a scroll of fear
 o - a scroll of vulnerability {unknown}
 s - a scroll of immolation {unknown}
 t - 2 scrolls of enchant weapon
Potions
 f - a potion of lignification {!q}
 m - 2 potions of magic

Dungeon Overview and Level Annotations

Branches:
Dungeon (4/15)
 Temple: D:4-7

Altars:
Elyvilon
Kikubaaqudgha
Makhleb
Nemelex Xobeh
Sif Muna
The Shining One

Annotations:
D:4 1 runed translucent door, joebusybody's ghost, amateur HuHu

#.# #.# #.# #.#
#.####### #.#
#.......#########
#.#
####............#
#.#
#.##.#..####.####.#
#.##.#..#.........#
#.##..o.).##o######
#.####..####@#
#............#
##############


You could see an orc priest (very drained).


Message History

You are lethally poisoned!
Unknown command.
Casting: Kiss of Death (safe; 26% risk of failure)
Confirm with . or Enter, or press ? or * to list all spells.
Aiming: Kiss of Death (safe; 26% risk of failure)
Press: ? - help, Shift-Dir - straight line, f/p - orc wizard
Aim: an orc wizard, wielding a +0 dagger of venom and wearing a +0 robe (almost dead, heavily drained, 100% to hit)
The negative energy hits the orc wizard.
The orc wizard is drained!
You kill the orc wizard!
Kikubaaqudgha accepts your kill.
You feel drained.
You feel extremely sick.
Unknown command.
Unknown command.
Casting: Kiss of Death (safe; 24% risk of failure)
Confirm with . or Enter, or press ? or * to list all spells.
Aiming: Kiss of Death (safe; 24% risk of failure)
Press: ? - help, Shift-Dir - straight line, f - orc priest
Aim: an orc priest, wielding a +0 morningstar and wearing a +0 leather armour (100% to hit)
The negative energy hits the orc priest.
The orc priest is drained!
The orc priest is heavily wounded.
You feel drained.
You feel very sick.
The orc priest calls down the wrath of Beogh upon you.
Beogh smites you!
Ouch! That really hurt!
You die...
Kikubaaqudgha rasps: "You have failed me!
Welcome... death!"

Skill      XL: |  1  2  3  4  5  6  7 |
---------------+----------------------+-----
Staves         | 3 4 5 6 |  6.9
Necromancy     | 1 2 |  2.6
Fighting       | |  1.0
Polearms       | |  1.0
Armour         | |  4.0
Spellcasting   | |  1.9
Conjurations   | |  0.1
Evocations     | |  1.0

Action                     |  1- 3 |  4- 6 |  7- 9 || total
---------------------------+-------+-------+-------++-------
  Melee: Quarterstaff      |    80 |   172 |    46 ||   298
   Cast: Kiss of Death     |       |       |     4 ||     4
    Use: Scroll            |       |     5 |     1 ||     6
         Potion            |       |     3 |     6 ||     9
   Stab: Invisible         |       |     1 |       ||     1
 Armour: Ring mail         |    42 |    83 |    15 ||   140
         Skin              |       |       |     1 ||     1
  Dodge: Dodged            |    68 |   146 |    22 ||   236

Levels and vault maps discovered:
D:1:      minmay_arrival_stair_chambers, layout_loops_ring,
          minmay_misc_feat_enclosed, st_stairs_3
D:2:      layout_rooms, basic_altar
D:3:      layout_basic, grunt_temple_overflow_cloverleaf, serial_glass,
          glass_columns_b, glass_columns_a, glass_columns_a, glass_columns_c,
          due_unseen_surprise, feat_on_display, item_on_display_a,
          feat_on_display, minmay_fractal_squares_5, uniq_natasha
D:4:      layout_loops_cross, old_standard_altar, ebering_ghost_reflecting_pool,
          dreamdust_gnoll_farm

Notes
Turn   | Place    | Note
-------+----------+-------------------------------------------
     0 | D:1      | Jeffwins the Human Wanderer began the quest for the Orb.
     0 | D:1      | Jeffwins set off with the following items: a +2
                  | quarterstaff, a +0 spear, a +0 ring mail, a scroll of
                  | blinking.
     0 | D:1      | Reached XP level 1. HP: 15/15 MP: 2/2
   228 | D:1      | Reached XP level 2. HP: 9/21 MP: 3/3
   384 | D:1      | Reached skill level 3 in Staves
   670 | D:2      | Reached XP level 3. HP: 19/26 MP: 4/4
   704 | D:2      | Found a shimmering blue altar of Sif Muna.
   766 | D:2      | Reached skill level 4 in Staves
   766 | D:2      | Reached XP level 4. HP: 32/32 MP: 5/5
  1523 | D:3      | Noticed a centaur
  1608 | D:2      | Killed a centaur
  1609 | D:2      | Reached skill level 5 in Staves
  1609 | D:2      | Reached XP level 5. HP: 14/37 MP: 6/6
  1818 | D:3      | Noticed Natasha
  1823 | D:3      | Killed Natasha
  1824 | D:3      | Reached XP level 6. HP: 43/43 MP: 7/7
  1869 | D:3      | Noticed Natasha
  1885 | D:3      | Killed Natasha
  1886 | D:3      | Reached skill level 6 in Staves
  2016 | D:3      | Found an ancient bone altar of Kikubaaqudgha.
  2024 | D:3      | Found a sparkling altar of Nemelex Xobeh.
  2027 | D:3      | Found a burning altar of Makhleb.
  2030 | D:3      | Found a glowing golden altar of the Shining One.
  2088 | D:3      | Noticed Natasha
  2099 | D:3      | Killed Natasha
  2153 | D:3      | Became a worshipper of Kikubaaqudgha
  2666 | D:3      | Reached skill level 1 in Necromancy
  3193 | D:4      | Found a runed translucent door.
  3198 | D:4      | Noticed joebusybody's ghost (amateur HuHu)
  3276 | D:4      | Reached XP level 7. HP: 48/48 MP: 7/9
  3417 | D:4      | Found a white marble altar of Elyvilon.
  3579 | D:4      | Gained mutation: Your flesh is cold resistant. (rC+)
                  | [potion of mutation]
  3584 | D:4      | HP: 4/48 [poisoned by a scorpion]
  3767 | D:3      | Reached skill level 2 in Necromancy
  3999 | D:4      | Reached * piety under Kikubaaqudgha
  3999 | D:4      | Received a gift from Kikubaaqudgha
  4004 | D:4      | Learned a level 1 spell: Kiss of Death
  4009 | D:4      | Learned a level 4 spell: Dispel Undead
  4169 | D:4      | Killed from afar by an orc priest

Vanquished Creatures
  A centaur (D:2)
  2 scorpions
  A hound (D:3)
  2 orc wizards (D:4)
  Natasha (thrice) (D:3)
  8 gnolls
  5 adders
  2 worms (D:2)
  A dart slug (D:4)
  2 orcs (D:4)
  7 ball pythons
  9 bats
  9 endoplasms
  5 giant cockroaches
  4 goblins
  7 hobgoblins
  4 jackals (D:1)
  5 quokkas
  A frilled lizard (D:2)
  5 kobolds
  6 rats
89 creatures vanquished.

Vanquished Creatures (others)
  3 fungi (D:4)
3 creatures vanquished.

Grand Total: 92 creatures vanquished

Table legend: (Time is in decaauts)
 A = Elapsed time spent in this place.
 B = Non-inter-level travel time spent in this place.
 C = Inter-level travel time spent in this place.
 D = Time resting spent in this place.
 E = Time spent auto-exploring this place.
 F = Levels seen in this place.
 G = Mean time per level.
                   A        B        C        D        E       F      G
               +--------+--------+--------+--------+--------+-----+--------+
         Total |   4201 |   4067 |    134 |    989 |   2250 |   4 | 1050.2 |
       Dungeon |   4201 |   4067 |    134 |    989 |   2250 |   4 | 1050.2 |
               +--------+--------+--------+--------+--------+-----+--------+

Top non-repeatable levels by time:
     D:3: 1819 daAuts
     D:4: 944 daAuts
     D:2: 769 daAuts
     D:1: 668 daAuts

Table legend:
 A = Non-vault XP
 B = Vault XP
 C = Vault XP percentage of total XP
 D = Non-vault monster count
 E = Vault monster count
 F = Vault count percentage of total count
                 A         B        C        D         E       F
            +---------+---------+-------+---------+---------+-------
      Total |     645 |     158 |  19.7 |      76 |      13 |  14.6
            +---------+---------+-------+---------+---------+-------
        D:1 |      22 |       5 |  18.5 |      12 |       3 |  20.0
        D:2 |     204 |       2 |   1.0 |      27 |       1 |   3.6
        D:3 |     209 |     123 |  37.0 |      21 |       7 |  25.0
        D:4 |     210 |      28 |  11.8 |      16 |       2 |  11.1
            +---------+---------+-------+---------+---------+-------
